[Event "Live Chess"]
[Site "Chess.com"]
[Date "2024.06.01"]
[Round "-"]
[White "vincents82"]
[Black "ACM42"]
[Result "1/2-1/2"]
[WhiteElo "2050"]
[BlackElo "2153"]
[TimeControl "300"]
[EndTime "15:33:29 PDT"]
[Termination "Game drawn - insufficient material"]

1. e4 e6 2. d4 d5 3. Nd2 Nf6 4. e5 Nfd7 5. Bd3 c5 6. c3 Nc6 7. Ne2 f6 8. exf6 Nxf6 9. Nf3 Bd6 10. O-O O-O 11. Bf4 cxd4 12. cxd4 Bxf4 13. Nxf4 Ne4 14. g3 Qb6 15. Bxe4 dxe4 16. Ne5 Nxd4 17. Ne2 Nf3+ 18.
Nxf3 exf3 19. Nc3 e5 20. Nd5 Qh6 21. Ne3 Be6 22. Rc1 Rad8 23. Qa4 Qh3 24. Qh4 Rd2 25. Qxh3 Bxh3 26. Rfd1 Rxb2 27. Rc7 a5 28. Re7 Rb5 29. Rc1 Rc8 30. Rxc8+ Bxc8 31. Re8+ Kf7 32. Rxc8 Rb1+ 33. Nf1 Ke6 34. Rc7 b5 35. Rxg7 a4 36. Rxh7 b4 37. Rb7 Kd5 38. h4 Ke4 39. h5 b3 40. axb3 a3 41. Ra7 Kf5 42. h6 Rxb3 43. h7 Rb8 44.
Rxa3 e4 45. Ne3+ Kg5 46. Ra7 Kg6 47. Re7 Kf6 48. Rxe4 Rh8 49. Rf4+ Kg5 50. Rxf3 Rxh7 51. Rf5+ Kg6 52. Kg2 Rb7 53. Rd5 Rb4 54. Rd2 Kg5 55. f4+ Kh5 56. Kf3 Rb6 57. g4+ Kg6 58. g5 Kg7 59. Kg4 Rb1 60. f5 Rg1+ 61. Rg2 Re1 62. f6+ Kg6 63. Kf4 Ra1 64. Rh2 Ra4+ 65. Kf3 Kxg5 66.
f7 Rf4+ 67. Kg3 Rxf7 68. Rf2 Rxf2 69. Kxf2 1/2-1/2

[Event "Live Chess"]
[Site "Chess.com"]
[Date "2024.06.01"]
[Round "-"]
[White "Queensandpawns"]
[Black "MellowAesthetic"]
[Result "1-0"]
[WhiteElo "2351"]
[BlackElo "2080"]
[TimeControl "300"]
[EndTime "15:33:32 PDT"]
[Termination "Queensandpawns won on time"]

1. d4 Nf6 2. Nc3 d5 3. Bf4 c5 4. e3 a6 5. Nf3 Nc6 6. Ne5 cxd4 7. exd4 Qb6 8. Nxc6 bxc6 9. a3 Bg4 10. f3 Bh5 11.
Na4 Qa5+ 12. c3 e6 13. b4 Qd8 14. Bd3 Bd6 15. Qd2 O-O 16. O-O Bg6 17. Bxg6 hxg6 18. Bxd6 Qxd6 19. Nc5 Nd7 20. Nd3 Rfe8 21. Rfe1 e5 22.
dxe5 Nxe5 23. Qf4 f6 24. Nxe5 Rxe5 25. Rxe5 Qxe5 26. Qxe5 fxe5 27. Re1 Re8 28. Kf2 Kf7 29. f4 e4 30. Ke3 a5 31. Kd4 axb4 32. axb4 Ra8 33.
Kc5 Ra3 34. Kxc6 Rxc3+ 35. Kxd5 e3 36. Ke4 Rc4+ 37. Kf3 Rxb4 38. Rxe3 Kf6 39. Ra3 Rb6 40. g4 g5 41. f5 Rc6 42. Re3 Rb6 43. Rd3 g6 44.
Kg3 gxf5 45. gxf5 Kxf5 46. Rd5+ Kg6 47. Kg4 Rb4+ 48. Kh3 Kh5 49. Rd8 Rb3+ 50. Kg2 Kh4 51. Rh8+ Kg4 52. Ra8 Rb2+ 53. Kf1 Kh3 54. Rh8+ Kg4 55.
Ke1 Kf3 56. Rg8 g4 57. Kd1 Rxh2 58. Rf8+ Kg2 59. Kd2 g3 60. Kd3 Rh1 61. Rg8 Rf1 62. Rh8 Rf2 63. Ke3 Kg1 64. Rh7 g2 65. Rh8 Rf1 66.
Ke2 Re1+ 67. Kd2 1-0

[Event "Live Chess"]
[Site "Chess.com"]
[Date "2024.06.01"]
[Round "-"]
[White "Duke_of_Bebington"]
[Black "MagnersCarlsberg2870"]
[Result "0-1"]
[WhiteElo "1627"]
[BlackElo "1762"]
[TimeControl "300"]
[EndTime "15:33:38 PDT"]
[Termination "MagnersCarlsberg2870 won by checkmate"]

1. e4 d5 2. exd5 Nf6 3. Nf3 Qxd5 4. d4 Bg4 5. Be2 Qh5 6. O-O e6 7. Be3 Bd6 8. h3 Bxh3 9. gxh3 Qxh3 10. Bg5 Ng4 11.
Nh4 Qh2# 0-1

[Event "Live Chess"]
[Site "Chess.com"]
[Date "2024.06.01"]
[Round "-"]
[White "agamilewska"]
[Black "TigerTank70"]
[Result "0-1"]
[WhiteElo "1771"]
[BlackElo "2230"]
[TimeControl "300"]
[EndTime "15:33:39 PDT"]
[Termination "TigerTank70 won by resignation"]

1. d4 d5 2. Nf3 Nf6 3. Bg5 e6 4. e3 Be7 5. c4 h6 6. Bxf6 Bxf6 7. cxd5 exd5 8. Nc3 c6 9. Be2 Nd7 10. O-O O-O 11.
h3 Nb6 12. b3 Bf5 13. Rc1 Qe7 14. Re1 Nc8 15. Bd3 Be4 16. Bxe4 dxe4 17. Nd2 Nd6 18. Qg4 Rae8 19. d5 Bxc3 20. Rxc3 Qe5 21. Rc5 b6 22.
Rxc6 Qxd5 23. Rc2 Qd3 24. Rec1 Re6 25. Nc4 Rg6 26. Qd1 Qxd1+ 27. Rxd1 Rc8 28. Rdd2 Nxc4 29.
Rxc4 Rxc4 30. bxc4 Rc6 31. Rd4 f5 32. f4 Kf7 33. g4 g6 34. Kf2 Ke6 35. gxf5+ gxf5 36. Kg3 Rc5 37. Kh4 Ra5 38. Kh5 Rxa2 39. h4 Re2 40. Kxh6 Rxe3 41. Rd5 a5 42. h5 a4 43. Rb5 Rb3 44. Re5+ Kf6 45. Re8 a3 46. Rf8+ Ke7 47. Ra8 e3 48. Kg7 e2 49. Ra7+ Kd6 50. c5+ bxc5 51.
Ra6+ Kd5 52. h6 e1=Q 53. h7 Rg3+ 54. Rg6 Qe7+ 0-1

[Event "Live Chess"]
[Site "Chess.com"]
[Date "2024.06.01"]
[Round "-"]
[White "nigelst"]
[Black "Zhevzh1k7"]
[Result "1-0"]
[WhiteElo "1701"]
[BlackElo "1097"]
[TimeControl "300"]
[EndTime "15:34:05 PDT"]
[Termination "nigelst won by checkmate"]

1. e4 c6 2. d4 d5 3. exd5 cxd5 4. Bd3 Nc6 5. c3 Nf6 6. Bf4 Bd7 7. Nf3 e6 8. O-O Be7 9. Nbd2 O-O 10. Ne5 Nxe5 11. Bxe5 Bc6 12. Nf3 Bd6 13. Re1 Bxe5 14.
Nxe5 Qb6 15. Qe2 Nd7 16. Nxd7 Bxd7 17. Rac1 a6 18. Bb1 Bb5 19. Qc2 Rac8 20. Qxh7# 1-0

[Event "Live Chess"]
[Site "Chess.com"]
[Date "2024.06.01"]
[Round "-"]
[White "SavagePawn7"]
[Black "Berdgross"]
[Result "0-1"]
[WhiteElo "642"]
[BlackElo "592"]
[TimeControl "300"]
[EndTime "15:34:18 PDT"]
[Termination "Berdgross won on time"]

1. e4 d5 2. exd5 Qxd5 3. Nc3 Qd8 4. Nf3 Nc6 5. Bb5 Bd7 6. O-O a6 7. Ba4 b5 8. Bb3 e6 9. d4 Nf6 10. Bg5 Be7 11. Re1 h6 12. Bxf6 Bxf6 13. d5 e5 14. dxc6 Bxc6 15. Qxd8+ Rxd8 16. Red1 Rxd1+ 17. Rxd1 O-O 18. Bd5 e4 19. Bxc6 exf3 20. gxf3 Bxc3 21. bxc3 g5 22. Bb7 a5 23. Bc6 b4 24. cxb4 axb4 25. Rb1 Rb8 26. Kf1 Rb6 27. Be4 Ra6 28. Bd5 c6 29.
Bc4 Ra4 30. Bb3 Ra3 31. Rd1 Kg7 32. Rd7 Kf6 33. Rb7 Ra6 34. Rxb4 c5 35. Rc4 Rc6 36. a4 Ke5 37. Re4+ Kf5 38. Bxf7 Kf6 39. Bd5 Rd6 40. Bb3 Rd1+ 41. Kg2 Rd6 42. a5 Ra6 43. Ra4 Ke5 44. Bc4 Ra7 45. a6 Kd6 46. Rb4 Kc6 47.
Rb2 h5 48. Kh3 g4+ 49. Kh4 gxf3 50. Kxh5 Kd6 51. Kg4 Ke5 52. Kxf3 Kd6 53. h4 Ke5 54. h5 Kf6 55. h6 Kg6 56. Bd3+ Kxh6 0-1

[Event "Live Chess"]
[Site "Chess.com"]
[Date "2024.06.01"]
[Round "-"]
[White "AlexanderMatlak"]
[Black "toog"]
[Result "1/2-1/2"]
[WhiteElo "2394"]
[BlackElo "2607"]
[TimeControl "300"]
[EndTime "15:34:27 PDT"]
[Termination "Game drawn by repetition"]

1. c4 c5 2. Nf3 Nc6 3. Nc3 Nf6 4. g3 d6 5. Bg2 Bd7 6. O-O Qc8 7. Re1 Bh3 8. Bh1 h5 9. Nd5 h4 10. d3 hxg3 11.
fxg3 Nxd5 12. cxd5 Nd4 13. Nxd4 cxd4 14. Qa4+ Qd7 15.
Qxd4 Rc8 16. Be3 b6 17. Rac1 Qb7 18. Rc6 Bd7 19. Rxc8+ Qxc8 20. Rc1 Qa6 21. Qc4 Qxc4 22.
dxc4 g6 23. b4 Bg7 24. c5 bxc5 25. bxc5 dxc5 26. Rxc5 O-O 27. Rc7 Bb5 28. Kf2 a6 29.
Rxe7 Rd8 30. Rb7 Bc4 31. Bb6 Re8 32. e4 Bxa2 33. Bf3 Be5 34. Bc7 Bxc7 35. Rxc7 Bb3 36. Ra7 Bc4 37. Ke3 Bxd5 38. Kd4 Be6 39. Rxa6 Kg7 40. Ra7 Rh8 41. h4 Rb8 42. Ke3 Kf6 43. Kf4 Rb4 44. g4 Kg7 45. g5 Rb2 46. h5 gxh5 47. Bxh5 Rf2+ 48. Bf3 Rf1 49. Ke3 Kg6 50. Ra5 Rg1 51. Kf4 Rf1 52. Ke3 Bb3 53. Bg4 Bc4 54.
Bf5+ Kg7 55. Ra7 Bb3 56. g6 Kg8 57. gxf7+ Bxf7 58. Kd4 Rb1 59. Ke5 Rb5+ 60. Kf6 Rb6+ 61. Kg5 Kf8 62. e5 Rc6 63. Ra8+ Ke7 64. Ra7+ Kf8 65.
Ra8+ Ke7 66. Ra7+ Kf8 1/2-1/2

[Event "Live Chess"]
[Site "Chess.com"]
[Date "2024.06.01"]
[Round "-"]
[White "Dhaydon19"]
[Black "NeilDruggan73"]
[Result "1-0"]
[WhiteElo "2679"]
[BlackElo "1745"]
[TimeControl "300"]
[EndTime "15:34:47 PDT"]
[Termination "Dhaydon19 won by checkmate"]

1. e4 d6 2. Nf3 Nf6 3. Nc3 g6 4. d4 Bg7 5. h3 c6 6. Bc4 b5 7. Bd3 b4 8. Ne2 O-O 9. O-O Qc7 10. Bf4 Nh5 11. Bh2 Qd8 12. a3 c5 13.
axb4 cxb4 14. e5 d5 15. g4 Kh8 16. gxh5 Bxh3 17. Nf4 Qd7 18. Nxh3 Qxh3 19. Ng5 Qh4 20. f4 f6 21. Ne6 gxh5 22. Nxf8 Bxf8 23. Qf3 Nc6 24.
Qxd5 Bh6 25. Kh1 Rg8 26. Rg1 Rg7 27. Rxg7 Bxg7 28. Qxc6 h6 29. Qe8+ Bf8 30. Qxf8# 1-0

[Event "Live Chess"]
[Site "Chess.com"]
[Date "2024.06.01"]
[Round "-"]
[White "GoldsmanB"]
[Black "Plato_77"]
[Result "1-0"]
[WhiteElo "1109"]
[BlackElo "1302"]
[TimeControl "300"]
[EndTime "15:34:47 PDT"]
[Termination "GoldsmanB won by resignation"]

1. d4 Nf6 2. c4 d5 3. e3 e6 4.
Nf3 c5 5. Nc3 cxd4 6. Nxd4 Nc6 7. b3 Bb4 8. Nxc6 Bxc3+ 9. Bd2 Bxa1 10. Nxd8 Kxd8 11. Qxa1 dxc4 12. Bxc4 Ke7 13. Bc3 Rd8 14. O-O a6 15. Bxf6+ gxf6 16. Rd1 b5 17. Rxd8 Kxd8 18. Qd4+ Ke7 19. Be2 Bb7 20. Qc5+ Ke8 21. Qh5 Rc8 22. h3 Rc1+ 23. Kh2 Rc2 24. Bf3 Bxf3 25. Qxf3 Rxa2 26. Qxf6 a5 27. Qc3 a4 28. bxa4 bxa4 29. Qc6+ Ke7 30. Qc7+ Kf6 31. Qf4+ Kg7 32. Qg5+ Kf8 33. Qh6+ Ke7 34.
Qxh7 Rxf2 35. Qh4+ 1-0

[Event "Live Chess"]
[Site "Chess.com"]
[Date "2024.06.01"]
[Round "-"]
[White "updatedopenings2024"]
[Black "TheSmoulderingMaster"]
[Result "1-0"]
[WhiteElo "1969"]
[BlackElo "1733"]
[TimeControl "300"]
[EndTime "15:34:52 PDT"]
[Termination "updatedopenings2024 won by resignation"]

1. e4 c5 2. Nc3 Nc6 3. f4 e6 4. Nf3 Nge7 5. d4 cxd4 6. Nxd4 g6 7.
Be3 Bg7 8. Be2 O-O 9. Qd2 d5 10. e5 f6 11. exf6 Bxf6 12. O-O-O Bd7 13. g4 Bg7 14. h4 Rc8 15. h5 Qa5 16. Kb1 Nb4 17. a3 Nbc6 18. hxg6 hxg6 19. g5 Nf5 20. Nxf5 Rxf5 21.
Bd3 Rff8 22. Bxg6 e5 23. Qh2 Rxf4 24. Bxf4 exf4 25. Qh7+ Kf8 26. Rhf1 Qc7 27. Nxd5 Qe5 28. Rxf4+ 1-0

[Event "Live Chess"]
[Site "Chess.com"]
[Date "2024.06.01"]
[Round "-"]
[White "jimwad"]
[Black "ShanthamGrarks"]
[Result "0-1"]
[WhiteElo "1304"]
[BlackElo "1802"]
[TimeControl "300"]
[EndTime "15:35:03 PDT"]
[Termination "ShanthamGrarks won on time"]

1. d4 e6 2. e4 d5 3. e5 c5 4. c3 Nc6 5. Nf3 h6 6. Be3 cxd4 7. cxd4 Qb6 8. Qd2 Bb4 9. Nc3 Bd7 10. Be2 Rc8 11.
O-O Na5 12. Rac1 Nc4 13. Bxc4 Rxc4 14. a3 Bxc3 15. bxc3 Ne7 16. Rb1 Qa6 17. Rfc1 Nf5 18. Qb2 b6 19. Bd2 O-O 20. h3 Rfc8 21. g4 Ne7 22.
Be3 Ra4 23. Ra1 Qd3 24. Qd2 Qe4 25. Nh2 h5 26. f3 Qg6 27. Kf2 h4 28. Bg5 Nc6 29. Bxh4 Na5 30. Qb2 Nc4 31. Qc2 Qh6 32.
Bg3 Qe3+ 33. Kg2 Qh6 34. f4 Ne3+ 35. Kf3 Nxc2 36. Rxc2 Qg6 37. Rcc1 Qe4+ 38. Kf2 Bb5 39.
Re1 Qc2+ 40. Kg1 Rxc3 41. Bf2 Rg3+ 42. Bxg3 Bd3 43. Rac1 Qb2 44. Rc8+ Kh7 45. g5 Qxd4+ 46. Bf2 Qxf4 47. Ng4 Bf5 0-1

[Event "Live Chess"]
[Site "Chess.com"]
[Date "2024.06.01"]
[Round "-"]
[White "cymbalshift"]
[Black "grillage"]
[Result "0-1"]
[WhiteElo "1679"]
[BlackElo "1872"]
[TimeControl "300"]
[EndTime "15:35:16 PDT"]
[Termination "grillage won on time"]

1. d4 e6 2. c4 Bb4+ 3. Nc3 c5 4. d5 d6 5. g3 e5 6. Bg2 f5 7. Qc2 Nf6 8. Nf3 Ne4 9. O-O Bxc3 10. bxc3 O-O 11.
Ne1 Nf6 12. Bg5 Qe8 13. Nf3 Nbd7 14. Nh4 g6 15. Bh6 Rf7 16. Nf3 Nf8 17. Ng5 Rc7 18.
e4 Ng4 19. Bxf8 Qxf8 20. h3 Nf6 21. f4 Nxe4 22. Nxe4 fxe4 23. Bxe4 Bxh3 24. Rf2 Bf5 25. fxe5 dxe5 26. g4 Rf7 27. gxf5 gxf5 28. Bxf5 Kh8 29.
Raf1 Qg8+ 30. Rg2 Rg7 31. Rf2 Rf8 32. Qe4 Rg5 33. Qxe5+ Qg7 34. Qxg7+ Rxg7 35. Be6 Rxf2 36. Kxf2 Rxg2+ 37. Kxg2 Kg7 38. d6 Kf6 39. d7 Ke7 0-1

[Event "Live Chess"]
[Site "Chess.com"]
[Date "2024.06.01"]
[Round "-"]
[White "blunderabit"]
[Black "StoreySniper"]
[Result "0-1"]
[WhiteElo "1777"]
[BlackElo "2534"]
[TimeControl "300"]
[EndTime "15:35:16 PDT"]
[Termination "StoreySniper won by resignation"]

1. e4 g6 2. Nc3 Bg7 3. d4 c5 4.
dxc5 Bxc3+ 5. bxc3 Nf6 6. Bd3 Qa5 7. Ne2 Qxc5 8. Be3 Qc7 9. h3 d6 10. O-O Nbd7 11. f4 b6 12. f5 Bb7 13. Ng3 Qxc3 14. Rb1 Qe5 15. Rb5 Qxg3 16. Rf3 Qh4 17. Bf2 Qh5 18. g4 Nxg4 19. hxg4 Qxg4+ 20. Kf1 Ne5 21. Rxe5 dxe5 22. Bb5+ Kf8 23. fxg6 Qxg6 24. Bc4 f6 25.
Bh4 Bxe4 26. Rxf6+ exf6 27. Qd6+ Kg7 28. Qd7+ Kh6 29. Qh3 Qf5+ 30. Qxf5 Bxf5 0-1

[Event "Live Chess"]
[Site "Chess.com"]
[Date "2024.06.01"]
[Round "-"]
[White "NottheBishopSacrifice"]
[Black "oscalik"]
[Result "1-0"]
[WhiteElo "2299"]
[BlackElo "2303"]
[TimeControl "300"]
[EndTime "15:35:46 PDT"]
[Termination "NottheBishopSacrifice won on time"]

1. d4 d5 2. c4 e6 3. Nf3 Nf6 4. Bg5 Bb4+ 5. Nbd2 dxc4 6. e3 b5 7. a4 c6 8. Ne5 Bb7 9. Be2 Nbd7 10. Nxd7 Qxd7 11.
Bxf6 gxf6 12. O-O Rg8 13. Bf3 c5 14. Bxb7 Qxb7 15. Qf3 O-O-O 16. Ne4 f5 17. Ng3 Qxf3 18. gxf3 cxd4 19. axb5 f4 20. exf4 Kb7 21. Ra4 Bc5 22. Rxc4 Kb6 23. b4 Be7 24. Rd1 h5 25. Kf1 h4 26. Ne4 h3 27. Ng3 Bf6 28. f5 Kxb5 29. Rc7 d3 30. Rxf7 Bc3 31. fxe6 Rge8 32. e7 Rd7 33. Ne4 Kxb4 34. Rb1+ Kc4 35. Rc1 d2 36. Rxc3+ Kd4 37. Ke2 d1=Q+ 38. Kxd1 Ke5+ 39. Ke2 1-0

[Event "Live Chess"]
[Site "Chess.com"]
[Date "2024.06.01"]
[Round "-"]
[White "NAZRIZ1977"]
[Black "KwikPhoenix"]
[Result "0-1"]
[WhiteElo "2163"]
[BlackElo "2465"]
[TimeControl "300"]
[EndTime "15:35:55 PDT"]
[Termination "KwikPhoenix won by resignation"]

1. e4 c5 2. Nf3 Nc6 3. d3 g6 4. g3 Bg7 5. Bg2 e6 6. O-O Nge7 7. Nbd2 d5 8. exd5 exd5 9. Nb3 b6 10. d4 c4 11. Nbd2 O-O 12. c3 Bg4 13. h3 Bf5 14.
Re1 Qc8 15. Kh2 Re8 16. Ne5 Nxe5 17. dxe5 Qd7 18. f4 Rad8 19. Nf3 Nc6 20. Be3 Be4 21. Nd4 Bxg2 22. Kxg2 f6 23. exf6 Bxf6 24. Nxc6 Qxc6 25. Bd4 Rxe1 26. Qxe1 Bxd4 27. cxd4 Re8 28. Qd2 Qe6 29. Kf2 Qxh3 0-1

[Event "Live Chess"]
[Site "Chess.com"]
[Date "2024.06.01"]
[Round "-"]
[White "CarmelJane"]
[Black "GrahamCuthbert"]
[Result "1-0"]
[WhiteElo "2069"]
[BlackElo "1031"]
[TimeControl "300"]
[EndTime "15:36:04 PDT"]
[Termination "CarmelJane won by resignation"]

1. e4 c6 2. Nc3 d5 3. Nf3 dxe4 4. Nxe4 Nf6 5. Qe2 Bg4 6. d3 e6 7. h3 Bxf3 8. Qxf3 h6 9. Nxf6+ Qxf6 10. Qxf6 gxf6 11.
Bd2 Nd7 12. O-O-O Bg7 13. h4 f5 14. h5 a5 15. a4 b5 16. axb5 cxb5 17. d4 b4 18. Bb5 Bxd4 19. Bf4 Bxb2+ 20. Kxb2 Ra7 21. Bxd7+ Rxd7 22. Rxd7 Kxd7 23. Ra1 Ra8 24. Bxh6 a4 25. Bg7 a3+ 26. Kb3 Ke7 27. h6 f6 28. h7 Kf7 29.
h8=Q Rxh8 30. Bxh8 Kg8 31. Kxb4 Kxh8 32. Rxa3 Kg7 33. Kc5 1-0

[Event "Live Chess"]
[Site "Chess.com"]
[Date "2024.06.01"]
[Round "-"]
[White "hapehansen"]
[Black "RichardABates"]
[Result "0-1"]
[WhiteElo "2259"]
[BlackElo "2320"]
[TimeControl "300"]
[EndTime "15:36:27 PDT"]
[Termination "RichardABates won by resignation"]

1. d4 Nf6 2. Nf3 g6 3. Bf4 Bg7 4.
e3 O-O 5. h3 d6 6. c4 c5 7. d5 e6 8. Nc3 exd5 9. cxd5 a6 10. a4 Nh5 11. Bh2 f5 12. Be2 f4 13.
O-O Nd7 14. exf4 Nxf4 15. Re1 Ne5 16. Nxe5 Bxe5 17. Bf1 Qh4 18. Ne2 Nxh3+ 19. gxh3 Qxf2+ 0-1

[Event "Live Chess"]
[Site "Chess.com"]
[Date "2024.06.01"]
[Round "-"]
[White "TedUdale"]
[Black "katoma"]
[Result "0-1"]
[WhiteElo "2106"]
[BlackElo "2056"]
[TimeControl "300"]
[EndTime "15:37:04 PDT"]
[Termination "katoma won by checkmate"]

1. e4 c5 2. Nc3 Nc6 3. f4 g6 4. Nf3 Bg7 5. Bb5 Nd4 6. d3 a6 7. Bc4 b5 8. Bb3 Nxb3 9. axb3 Bb7 10. O-O e6 11. f5 Ne7 12. fxe6 dxe6 13. Ng5 O-O 14. Qg4 h6 15. Nf3 f5 16. Qg3 b4 17.
Na4 fxe4 18. dxe4 Bxe4 19. Nxc5 Bxf3 20. Rxf3 Qd1+ 21. Rf1 Qxf1# 0-1

[Event "Live Chess"]
[Site "Chess.com"]
[Date "2024.06.01"]
[Round "-"]
[White "wadsy27"]
[Black "KeithArkell"]
[Result "1-0"]
[WhiteElo "2547"]
[BlackElo "2409"]
[TimeControl "300"]
[EndTime "15:37:33 PDT"]
[Termination "wadsy27 won by resignation"]

1. c4 c5 2. g3 Nc6 3. Bg2 g6 4. Nc3 Bg7 5. Nf3 Nf6 6. d4 cxd4 7. Nxd4 Nxd4 8. Qxd4 d6 9. O-O O-O 10. Qd3 Nd7 11. b3 Nc5 12. Qd2 Rb8 13. Bb2 b6 14.
Rac1 Bb7 15. Rfd1 Bxg2 16. Kxg2 Qd7 17. Nd5 Bxb2 18. Qxb2 Qe6 19. f3 Rb7 20. h4 Qe5 21. Qxe5 dxe5 22. Nb4 Rc8 23. Rd5 f6 24. Rcd1 Kf7 25.
Rd8 Rxd8 26. Rxd8 e6 27. Kf2 Rc7 28. Nd3 Nxd3+ 29. exd3 h5 30. Ke3 f5 31. d4 exd4+ 32. Kxd4 Kf6 33. f4 Ke7 34. Rg8 Kf7 35. Ra8 Kf6 36. b4 Rd7+ 37. Kc3 e5 38. fxe5+ Kxe5 39. Rg8 Rd6 40. c5 bxc5 41. bxc5 Ra6 42. Kc4 Rxa2 43.
Rxg6 a6 44. Kb3 Ra5 45. Kb4 Rb5+ 46. Kc4 Ra5 47. c6 Ra1 48. Kc5 a5 49. c7 Rc1+ 50.
Kb6 Kd5 51. Rg8 1-0

[Event "Live Chess"]
[Site "Chess.com"]
[Date "2024.06.01"]
[Round "-"]
[White "MaksymYurii"]
[Black "Mikhail_Golubev"]
[Result "0-1"]
[WhiteElo "937"]
[BlackElo "2584"]
[TimeControl "300"]
[EndTime "15:37:43 PDT"]
[Termination "Mikhail_Golubev won by checkmate"]

1. e4 d5 2. e5 c5 3. Nf3 Nc6 4. d4 cxd4 5. Nxd4 Nxe5 6. Bb5+ Bd7 7. Bxd7+ Qxd7 8. O-O Nf6 9. Nc3 e6 10. Bf4 Bd6 11.
Bxe5 Bxe5 12. Nb3 O-O 13. Nc5 Qc7 14. Nd3 Bxh2+ 15. Kh1 Bd6 16. Nb5 Qb6 17. Nxd6 Qxd6 18. f3 Nh5 19. f4 Ng3+ 20. Kg1 Nxf1 21. Qxf1 Rac8 22. c3 Rc4 23. Ne5 Re4 24. Rd1 Qb6+ 25. Kh1 Qxb2 26. Rc1 Qd2 27. Nf3 Qxf4 28. Re1 Rxe1 29.
Qxe1 Rc8 30. Qb1 Rxc3 31. Ng1 Qh6+ 32. Nh3 Rc1+ 33. Qxc1 Qxc1+ 34. Kh2 d4 35. a4 d3 36.
Nf2 d2 37. Nd3 Qc7+ 38. Kh3 d1=Q 39. Nf2 Qh5# 0-1

[Event "Live Chess"]
[Site "Chess.com"]
[Date "2024.06.01"]
[Round "-"]
[White "NebodarMatevich"]
[Black "lyricalschemes"]
[Result "0-1"]
[WhiteElo "1576"]
[BlackElo "2472"]
[TimeControl "300"]
[EndTime "15:38:00 PDT"]
[Termination "lyricalschemes won by resignation"]

1. e4 Nf6 2. e5 Nd5 3. c4 Nb6 4.
d4 d6 5. f4 dxe5 6. fxe5 Nc6 7. Nf3 Bg4 8. Be2 e6 9. O-O Qd7 10. a4 a5 11. Be3 O-O-O 12. Nc3 Bxf3 13. Bxf3 Nxd4 14. Bxd4 Qxd4+ 15. Kh1 Qxe5 16. Qb3 Qc5 17. Rad1 Be7 18. Be2 Rxd1 19. Rxd1 Rd8 20. Rxd8+ Bxd8 21. Ne4 Qd4 22. Ng5 Bxg5 0-1

[Event "Live Chess"]
[Site "Chess.com"]
[Date "2024.06.01"]
[Round "-"]
[White "gobbles19"]
[Black "CheckThis4"]
[Result "0-1"]
[WhiteElo "2288"]
[BlackElo "2688"]
[TimeControl "300"]
[EndTime "15:38:20 PDT"]
[Termination "CheckThis4 won by resignation"]

1. e4 d5 2. exd5 c6 3. dxc6 Nxc6 4. Nf3 e5 5. Bc4 Nf6 6. d3 Bg4 7. h3 Bh5 8. Be3 Bb4+ 9. c3 Bd6 10. Nbd2 O-O 11. O-O Qe7 12. Re1 Rad8 13. Qc2 h6 14. Nh4 Qd7 15. Ne4 Be7 16. Nc5 Bxc5 17. Bxc5 Rfe8 18.
a4 g5 19. Nf3 Bxf3 20. gxf3 Qxh3 21. Qe2 Kg7 22. Qf1 Qxf3 23. Qg2 Qf5 24. b4 e4 25.
Rad1 Ne5 26. dxe4 Nf3+ 27. Kf1 Nxe1 28. exf5 Nxg2 29. Rxd8 Rxd8 30. Kxg2 h5 31. a5 a6 32. Bd4 h4 33. Be2 Rd6 34. Bf3 Kh6 35.
Bxb7 Nh5 36. Be4 Nf4+ 37. Kf3 h3 38. Kg3 Ne2+ 0-1

[Event "Live Chess"]
[Site "Chess.com"]
[Date "2024.06.01"]
[Round "-"]
[White "AndrewBak1"]
[Black "LL220284LL"]
[Result "0-1"]
[WhiteElo "1868"]
[BlackElo "2506"]
[TimeControl "300"]
[EndTime "15:38:25 PDT"]
[Termination "LL220284LL won by resignation"]

1. e4 Nf6 2. e5 Nd5 3. d4 d6 4. Nf3 dxe5 5. Nxe5 e6 6. Bd3 Nd7 7. Nf3 Be7 8. O-O O-O 9. Nc3 Nxc3 10. bxc3 c5 11. Be3 Qc7 12. Ng5 h6 13. Nh7 Rd8 14.
Qg4 Nf6 15. Nxf6+ Bxf6 16. Bxh6 cxd4 17. Qe4 gxh6 18. Qh7+ Kf8 19. Qxh6+ Bg7 20. Qh4 dxc3 21. Rfe1 Rd4 22. Qh5 Rd5 23. Qh4 Qe7 24. Qa4 Bd7 25.
Qb3 Bc6 26. Be4 Rd7 27. Bxc6 bxc6 0-1

[Event "Live Chess"]
[Site "Chess.com"]
[Date "2024.06.01"]
[Round "-"]
[White "SavagePawn7"]
[Black "blunderabit"]
[Result "0-1"]
[WhiteElo "642"]
[BlackElo "1777"]
[TimeControl "300"]
[EndTime "15:38:25 PDT"]
[Termination "blunderabit won by resignation"]

1. e4 c5 2. d4 cxd4 3. c3 Nf6 4. cxd4 Nxe4 5. Qf3 d5 6. Nc3 Nxc3 7. bxc3 e6 8.
Bb5+ Nc6 9. Ne2 Qa5 10. Bd3 Nxd4 11. Nxd4 Qxc3+ 12. Bd2 Qxa1+ 13. Ke2 Qxd4 14. Be3 Qb2+ 15. Bd2 Bb4 16. Rb1 Qxd2+ 17. Kf1 Bd7 0-1

[Event "Live Chess"]
[Site "Chess.com"]
[Date "2024.06.01"]
[Round "-"]
[White "CCGoodKnightRookie"]
[Black "upoe610"]
[Result "0-1"]
[WhiteElo "2325"]
[BlackElo "2206"]
[TimeControl "300"]
[EndTime "15:38:26 PDT"]
[Termination "upoe610 won by resignation"]

1. d4 Nf6 2. Nc3 d5 3. Bf4 e6 4.
Nb5 Bb4+ 5. c3 Ba5 6. a4 a6 7. b4 axb5 8. axb5 Nh5 9. Bd2 c6 10. e3 cxb5 11. Bxb5+ Bd7 12. Bxd7+ Nxd7 13. Rxa5 Rxa5 14.
bxa5 Nhf6 15. Qa4 O-O 16. Nf3 Qc7 17. O-O Ra8 18. Rb1 Rxa5 19. Rxb7 Rxa4 20. Rxc7 Ra1+ 21. Be1 Kf8 22. Kf1 Ke7 23. Ke2 Ra2+ 24. Bd2 Ne4 25. c4 Kd6 26. Rb7 dxc4 27. Rxd7+ Kxd7 28. Ne5+ Kd6 29. Nxc4+ Kd5 30. Nb6+ Kc6 31. Nc4 Kb5 32. f3 Kxc4 33.
fxe4 e5 34. dxe5 Kc5 35. Kd3 Ra3+ 36. Bc3 Ra2 37. Bd2 Ra8 38. Bc3 Rd8+ 39. Bd4+ Kb4 40. Ke2 Kc4 41. e6 fxe6 42. Kf3 g6 43. Kf4 h6 44.
Ke5 Rf8 45. Kxe6 Rf2 46. g4 Rxh2 47. Kf6 h5 48. gxh5 gxh5 49. e5 Kd5 50. Kg5 Ke6 51. Bc3 h4 52. Kg4 h3 53. Kg3 Rc2 0-1

[Event "Live Chess"]
[Site "Chess.com"]
[Date "2024.06.01"]
[Round "-"]
[White "defenderalist"]
[Black "degringolade64"]
[Result "0-1"]
[WhiteElo "1531"]
[BlackElo "2129"]
[TimeControl "300"]
[EndTime "15:38:32 PDT"]
[Termination "degringolade64 won by resignation"]

1. e4 d5 2. exd5 Qxd5 3. Nc3 Qd8 4. Nf3 Nf6 5. Bc4 e6 6. O-O Be7 7. d4 a6 8. Bf4 O-O 9. Bd3 Nbd7 10. Ne5 c5 11. Nxd7 Qxd7 12. dxc5 Bxc5 13. Bg5 Be7 14.
Bxf6 Bxf6 15. Qh5 g6 16. Qh3 Bg7 17. Rad1 e5 18. Qe3 Qe6 19. b3 b5 20. Ne4 Qe7 21. Rfe1 Re8 22. Bf1 Be6 23. Nd6 Red8 24. Ne4 Rac8 25.
c4 bxc4 26. bxc4 Rxd1 27. Rxd1 Bxc4 28. Bxc4 Rxc4 29. Nd6 Rc6 30. Ne4 h6 31. f4 exf4 32. Qxf4 Re6 33. Re1 f5 34. Ng3 Rxe1+ 0-1

[Event "Live Chess"]
[Site "Chess.com"]
[Date "2024.06.01"]
[Round "-"]
[White "MagnersCarlsberg2870"]
[Black "MellowAesthetic"]
[Result "0-1"]
[WhiteElo "1760"]
[BlackElo "2082"]
[TimeControl "300"]
[EndTime "15:38:32 PDT"]
[Termination "MellowAesthetic won by resignation"]

1. d4 Nf6 2. Nf3 g6 3. Nc3 d5 4. Bf4 Bg7 5. Qd2 O-O 6. h4 h5 7.
Bh6 c5 8. Bxg7 Kxg7 9. e3 Nc6 10. Bb5 cxd4 11. exd4 Qb6 12. O-O-O Bg4 13. Bxc6 bxc6 14. Rde1 Bxf3 15. gxf3 Rab8 16. b3 Rfe8 17. Re5 Nd7 18.
Rg5 e5 19. dxe5 Nxe5 20. Qf4 Qb4 21. Qxb4 Rxb4 22. Rhg1 Nxf3 0-1

[Event "Live Chess"]
[Site "Chess.com"]
[Date "2024.06.01"]
[Round "-"]
[White "OliWally08"]
[Black "dmitro74"]
[Result "1-0"]
[WhiteElo "1280"]
[BlackElo "1648"]
[TimeControl "300"]
[EndTime "15:38:38 PDT"]
[Termination "OliWally08 won on time"]

1. e4 e6 2. d4 d5 3. e5 c5 4. c3 Nc6 5. Nf3 cxd4 6. cxd4 Bb4+ 7. Nc3 Nge7 8. Bd3 O-O 9. Bc2 f6 10. Qd3 Ng6 11. h4 fxe5 12. h5 e4 13. Qe3 Nf4 14. Kf1 h6 15. Nxe4 Be7 16. g3 e5 17. gxf4 exf4 18.
Qd3 Nb4 19. Nf6+ Rxf6 20. Qh7+ Kf7 21. Ne5+ Ke6 22. Bg6 Qf8 23. Ng4 Rf7 24. Bxf7+ Qxf7 25. Bd2 Nc6 26. Re1+ Kd6 27. Qc2 Bxg4 28. Qxc6+ bxc6 29. Rg1 Bh3+ 30. Ke2 Re8 31. Kd1 Qxh5+ 32. Kc1 Bg5 33.
Rxg5 Qxg5 34. f3 Qg2 35. Rd1 Re2 36. Kc2 Bf5+ 37. Kc3 c5 38. b4 1-0